 Dungeon Crawl Stone Soup version 0.31.0-11-ge490571c62 (webtiles) character file.

Game seed: 7217574799375605340

84 SnakkuSnakku7 the Conjurer (level 4, -2/34 HPs)
             Began as a Merfolk Conjurer on Feb 2, 2024.
             Slain by Sigmund
             ... wielding a +2 heavy scythe
              (19 damage)
             ... on level 3 of the Dungeon.
             The game lasted 00:04:09 (2558 turns).

SnakkuSnakku7 the Conjurer (Merfolk Conjurer)       Turns: 2558, Time: 00:04:10

Health: -2/34      AC:  5    Str:  9    XL:     4   Next: 45%
Magic:  7/7        EV: 10    Int: 17    God:
Gold:   219        SH:  0    Dex: 12    Spells: 6/7 levels left

rFire   . . .        a - +0 spear
rCold   . . .        (no shield)
rNeg    . . .        c - +0 ring mail
rPois   .            (no helmet)
rElec   .            (no cloak)
rCorr   .            (no gloves)
SInv    .            (no boots)
Will    .....        (no amulet)
Stlth   +            (no ring)
HPRegen 0.25/turn    (no ring)
MPRegen 0.10/turn

%: no passive effects
@: no status effects
A: (nimble swimmer 2), mertail
a: no special abilities


You were on level 3 of the Dungeon.
You visited 1 branch of the dungeon, and saw 3 of its levels.

You collected 219 gold pieces.

Inventory:

Hand Weapons
 a - a +0 spear (weapon)
Missiles
 h - 3 poisoned darts (quivered)
Armour
 c - a +0 ring mail (worn)
 d - a +0 robe
 k - a +1 hat
Scrolls
 i - a scroll of fear {unknown}
 j - a scroll of fog {unknown}
 l - a scroll of teleportation {unknown}
 m - a scroll of acquirement
Potions
 b - a potion of magic
 e - a potion of might
 f - a potion of heal wounds
 g - a potion of curing


   Skills:
 - Level 2.6 Fighting
 + Level 3.0 Polearms
 + Level 0.7 Throwing
 - Level 2.6 Dodging
 - Level 2.1 Stealth
 - Level 1.2 Unarmed Combat
 - Level 2.0 Spellcasting
 - Level 3.2 Conjurations


You had 6 spell levels left.
You knew the following spells:

 Your Spells              Type           Power      Damage    Failure   Level
a - Magic Dart            Conj           48%        1d5       14%         1

Your spell library contained the following spells:

 Spells                   Type           Power      Damage    Failure   Level
 Searing Ray              Conj           24%        2d5       22%         2
 Momentum Strike          Conj/Tloc      14%        3d8       38%         2
 Blink                    Tloc           2%         N/A       63%         2
 Lesser Beckoning         Tloc           2%         N/A       63%         2
 Hailstorm                Conj/Ice       7%         3d5       63%         3
 Summon Ice Beast         Ice/Summ       1%         N/A       85%         3
 Fulminant Prism          Conj/Alch      3%         3d5       95%         4
 Iskenderun's Mystic Bla  Conj/Tloc      7%         2d4       95%         4
 Iskenderun's Battlesphe  Conj           12%        2d7       98%         5
 Manifold Assault         Tloc           1%         N/A       99%         4
 Bombard                  Conj/Erth      3%         9d1       100%        6
 Dispersal                Tloc           0%         N/A       100%        6
 Sculpt Simulacrum        Ice/Alch       0%         N/A       100%        6
 Spellforged Servitor     Conj/Summ      3%         N/A       100%        7
 Disjunction              Tloc           0%         N/A       100%        8


Dungeon Overview and Level Annotations

Branches:
Dungeon (3/15)

Altars:
Cheibriados

Annotations:
D:2 Sigmund


Innate Abilities, Weirdness & Mutations

((You are very nimble when in or above water. (Stealth+, EV+, Speed+++)))
Your lower body shifts to a powerful aquatic tail in water.


Message History

Deactivating autopickup; reactivate with Ctrl-A.
There is a stone staircase leading down, spattered with blood here.
You climb downwards.
Reactivating autopickup.
There is a stone staircase leading up here.
You start waiting.
Done waiting.
Autopickup is now off.
Autopickup is now on.
You climb upwards.
Level annotation: Sigmund
There is a stone staircase leading down, spattered with blood here.
You climb downwards.
There is a stone staircase leading up here.
Unknown command.
You climb upwards.
Level annotation: Sigmund
There is a stone staircase leading down, spattered with blood here.
Unknown command.
Sigmund casts a spell.
Sigmund flickers and vanishes!
Deactivating autopickup; reactivate with Ctrl-A.
A puff of flame appears from out of thin air!
The puff of flame hits you! Something hits you.
There is a stone staircase leading down, spattered with blood here.
You climb downwards.
Reactivating autopickup.
There is a stone staircase leading up here.
Deactivating autopickup; reactivate with Ctrl-A.
You hit something but do no damage.
You hear some strange, mumbled words.
You are confused.
You completely miss something. Your punch misses something. Something hits you!
Ouch! That really hurt!
* * * LOW HITPOINT WARNING * * *
Unknown command.
You feel better. Something hits you!!
Ouch! That really hurt!
You die...

...############..#####.#~~~~~~~~~
..............#..#..##.#⌠~~###~~⌠
..............#..#.....#####.####
).............#..##.##...........
..............#.....##.#.#.##.#..
..............##.#####.#.#.##.#..
..................<....#.#.##.#..
..)..............................
..............##@.........###.#..
...#########.###############.....
...#########.........# #.....
...##........##......# #.....
..(..........#.......# #.....
.............#.......# #.....
.............#.......# ##.##.
.............#.......########.##.
.............#.............##.#..


There were no monsters in sight!

Vanquished Creatures
  An adder (D:2)
  4 ribbon worms
  7 dart slugs
  An orc (D:3)
  9 bats
  8 endoplasms
  5 goblins
  2 hobgoblins (D:1)
  A quokka (D:1)
  2 ball pythons (D:1)
  A frilled lizard (D:3)
  4 kobolds
  4 rats
49 creatures vanquished.

Notes
Turn   | Place    | Note
-------+----------+-------------------------------------------
     0 | D:1      | SnakkuSnakku7 the Merfolk Conjurer began the quest for the
                  | Orb.
     0 | D:1      | Reached XP level 1. HP: 13/13 MP: 3/3
   123 | D:1      | Reached skill level 1 in Fighting
   123 | D:1      | Reached skill level 1 in Unarmed Combat
   148 | D:1      | Reached XP level 2. HP: 21/21 MP: 1/5
   283 | D:1      | Found a faded altar of an unknown god.
   297 | D:1      | Reached skill level 1 in Polearms
   379 | D:1      | Reached XP level 3. HP: 20/27 MP: 6/6
   837 | D:2      | Noticed Sigmund
  1586 | D:3      | Found a snail-covered altar of Cheibriados.
  1610 | D:3      | Reached XP level 4. HP: 34/34 MP: 7/7
  2022 | D:3      | Identified a scroll of acquirement
  2558 | D:3      | Slain by Sigmund

Illustrated notes

Levels and vault maps discovered:
D:1:      dpeg_arrival_lava_altar, layout_basic,
          hellmonk_ecumenical_altar_zigzags
D:2:      layout_rooms, uniq_sigmund
D:3:      layout_basic, cheibrodos_worm_habitat

Skill      XL: |  1  2  3  4 |
---------------+-------------+-----
Fighting       | 1 2 |  2.6
Unarmed Combat | 1 |  1.2
Polearms       | 1 2 3 |  3.0
Throwing       | |  0.7
Dodging        | |  2.6
Stealth        | |  2.1
Spellcasting   | |  2.0
Conjurations   | |  3.2

Action                     |  1- 3 |  4- 6 || total
---------------------------+-------+-------++-------
  Melee: Unarmed           |    15 |       ||    15
         Spear             |   163 |    68 ||   231
         Tailslap          |     1 |     1 ||     2
         Punch             |     1 |     1 ||     2
   Cast: Magic Dart        |    14 |     2 ||    16
    Use: Scroll            |       |     4 ||     4
         Potion            |       |     1 ||     1
   Stab: Sleeping          |     1 |       ||     1
 Armour: Robe              |    39 |       ||    39
         Ring mail         |    62 |    50 ||   112
  Dodge: Dodged            |    72 |    30 ||   102
